 Dungeon Crawl Stone Soup version 0.21.1-1-g345015f (webtiles) character file.

1187 Kagorn the Shield-Bearer (level 8, 0/48 HPs)
             Began as a Gargoyle Fighter on June 9, 2018.
             Killed from afar by an orc wizard (12 damage)
             ... with a puff of flame
             ... on level 5 of the Dungeon.
             The game lasted 00:19:41 (2983 turns).

Kagorn the Shield-Bearer (Gargoyle Fighter)         Turns: 2983, Time: 00:19:45

Health: 0/48       AC: 11    Str: 21    XL:     8   Next: 43%
Magic:  8/8        EV: 10    Int:  9    God:
Gold:   168        SH: 10    Dex: 10    Spells: 7/7 levels left

rFire    . . .     SeeInvis .   w - +0 flail (drain)
rCold    . . .     Gourm    .   c - +0 shield
rNeg     + . .     Faith    .   v - +0 leather armour
rPois    ∞         Spirit   .   q - +0 helmet
rElec    +         Reflect  .   u - +0 cloak
rCorr    .         Harm     .   (no gloves)
MR       .....                  (no boots)
Stlth    +.........             (no amulet)
HPRegen  0.16/turn              (no ring)
MPRegen  0.11/turn              (no ring)

@: no status effects
A: negative energy resistance 1, electricity resistance, unbreathing,
petrification resistance, rot immunity, AC +5
a: no special abilities


You were on level 5 of the Dungeon.
You were not hungry.

You visited 1 branch of the dungeon, and saw 5 of its levels.

You collected 207 gold pieces.
You spent 39 gold pieces at shops.

Inventory:

Hand Weapons
 a - a +0 short sword of speed
 r - a +2 antimagic whip
 w - a +0 flail of draining (weapon)
 A - a +0 fustibalus
Missiles
 B - 5 tomahawks (quivered)
Armour
 b - a +0 scale mail
 c - a +0 shield (worn)
 q - a +0 helmet (worn)
 s - a +0 plate armour
 u - a +0 cloak (worn)
 v - a +0 leather armour (worn)
Jewellery
 C - a +2 ring of evasion {unknown}
Wands
 y - a wand of polymorph (23)
Scrolls
 k - a scroll of amnesia {unknown}
 l - 2 scrolls of identify
 o - a scroll of fear {unknown}
 p - a scroll of magic mapping
 D - a scroll of remove curse
Potions
 d - a potion of might
 e - a potion of ambrosia {unknown}
 g - a potion of resistance
 h - 2 potions of mutation {unknown}
 i - 3 potions of berserk rage {unknown}
 j - a potion of cancellation {unknown}
 m - 2 potions of curing {unknown}
 n - a potion of agility
 t - a potion of lignification {unknown}
 z - a potion of flight {unknown}
Books
 x - a book of Flames

   Spells                             Type                      Level
   a - Flame Tongue                   Conjuration/Fire             1
   b - Throw Flame                    Conjuration/Fire             2
   c - Conjure Flame                  Conjuration/Fire             3
   d - Inner Flame                    Hexes/Fire                   3
   e - Sticky Flame                   Conjuration/Fire             4
   f - Fireball                       Conjuration/Fire             5
Comestibles
 f - 8 rations


   Skills:
 + Level 4.8 Fighting
   Level 2.6(4.1) Axes
 + Level 5.4(5.8) Maces & Flails
 + Level 4.4 Armour
 + Level 2.5 Dodging
 + Level 0.2 Stealth
 + Level 6.7 Shields


You had 7 spell levels left.
You didn't know any spells.

Dungeon Overview and Level Annotations

Branches:
Dungeon (5/15)             Temple (0/1) D:4

Altars:
Elyvilon
Okawaru
Wu Jian
Yredelemnul

Shops:
D:5 ?


Innate Abilities, Weirdness & Mutations

You are resistant to torment.
Your stone body is resilient. (AC +5)
You are immune to poison.
You resist negative energy. (rN+)
You are resistant to electric shocks. (rElec)
You can survive without breathing.
You are immune to petrification.
You are immune to rotting.


Message History

The orc wizard hits you but does no damage.
You barely miss the orc wizard. You block the orc wizard's attack.
The orc wizard barely misses you. You block the orc wizard's attack.
You hit the orc wizard.
The orc wizard is moderately wounded.
You block the orc wizard's attack.
The orc wizard hits you but does no damage. x2
You closely miss the orc wizard.
The orc wizard is moderately wounded.
You block the orc wizard's attack. The orc wizard hits you with a dagger.
The orc wizard hits you but does no damage.
You block the orc wizard's attack.
You hit the orc wizard but do no damage.
The orc wizard is moderately wounded.
The orc wizard casts a spell at you. The puff of frost hits you!
* * * LOW HITPOINT WARNING * * *
The orc wizard casts a spell at you. The puff of flame hits you!
You die...

.#)##########...#
.#.# ##.## .#.#
#.# .#'## #.#
....## #.# .....##
#.# ......##
##.#.###
.......####....o.#
.......'.......#@#
.......####...##o#
......## ##.###.#
.....## ## #.#
#...## #.# ##+##
#.# #.# #.#


You could see 2 orc wizards.

Vanquished Creatures
  Grinder (D:4)
  Eustachio (D:4)
  Edmund (D:4)
  A necrophage (D:4)
  2 phantoms (D:4)
  An ogre (D:5)
  2 scorpions (D:4)
  An orc priest (D:5)
  A hound (D:4)
  A bullfrog skeleton (D:3)
  2 worker ants
  5 adders
  5 oozes
  2 adder skeletons
  2 worms
  A leopard gecko (D:1)
  6 orcs
  3 giant cockroaches
  7 goblins
  11 hobgoblins
  3 jackals (D:2)
  5 quokkas
  A ball python (D:2)
  6 bats
  6 frilled lizards
  5 kobolds
  A quokka skeleton (D:4)
  3 rats (D:1)
86 creatures vanquished.

Notes
Turn   | Place    | Note
-------+----------+-------------------------------------------
     0 | D:1      | Kagorn the Gargoyle Fighter began the quest for the Orb.
     0 | D:1      | Reached XP level 1. HP: 14/14 MP: 1/1
    98 | D:1      | Reached XP level 2. HP: 12/19 MP: 2/2
   433 | D:1      | Reached XP level 3. HP: 24/24 MP: 3/3
   905 | D:2      | Reached XP level 4. HP: 28/29 MP: 4/4
   919 | D:2      | Reached skill level 4 in Shields
  1520 | D:3      | Found a white marble altar of Elyvilon.
  1674 | D:3      | Reached skill level 1 in Maces & Flails
  1674 | D:3      | Reached XP level 5. HP: 23/33 MP: 1/5
  1728 | D:3      | Found a basalt altar of Yredelemnul.
  1875 | D:3      | Reached skill level 1 in Dodging
  2028 | D:4      | Noticed a phantom
  2055 | D:4      | Killed a phantom
  2055 | D:4      | Reached skill level 5 in Shields
  2055 | D:4      | Reached XP level 6. HP: 7/38 MP: 2/6
  2143 | D:4      | Found a staircase to the Ecumenical Temple.
  2186 | D:4      | Found an iron altar of Okawaru.
  2188 | D:4      | Noticed a phantom
  2212 | D:4      | Killed a phantom
  2226 | D:4      | Noticed a necrophage
  2227 | D:4      | Noticed Edmund
  2242 | D:4      | Killed a necrophage
  2242 | D:4      | Reached XP level 7. HP: 24/44 MP: 2/7
  2266 | D:4      | Killed Edmund
  2324 | D:4      | Found an ornate altar of the Wu Jian Council.
  2373 | D:4      | Noticed Eustachio
  2412 | D:4      | Killed Eustachio
  2412 | D:4      | Reached skill level 6 in Shields
  2723 | D:4      | Noticed Grinder
  2730 | D:4      | Paralysed by Grinder for 3 turns
  2757 | D:4      | Killed Grinder
  2757 | D:4      | Reached skill level 5 in Maces & Flails
  2757 | D:4      | Reached XP level 8. HP: 33/48 MP: 8/8
  2829 | D:5      | Entered Level 5 of the Dungeon
  2916 | D:5      | Found Edydymn's Magic Scroll Boutique.
  2922 | D:5      | Bought a scroll of remove curse for 39 gold pieces
  2983 | D:5      | Killed from afar by an orc wizard

Skill      XL: |  1  2  3  4  5  6  7 |
---------------+----------------------+-----
Axes           | 2 |  2.6
Shields        | 4 5 6 |  6.7
Fighting       | 4 |  4.8
Maces & Flails | 1 2 3 5 |  5.4
Dodging        | 1 2 |  2.5
Armour         | 4 |  4.4
Stealth        | |  0.2

Action                   |  1- 3 |  4- 6 |  7- 9 || total
-------------------------+-------+-------+-------++-------
Melee: War axe           |   133 |    16 |       ||   149
       Whip              |       |   159 |    22 ||   181
       Flail             |       |       |   102 ||   102
  Use: Scroll            |       |     5 |       ||     5
       Potion            |       |       |     2 ||     2
  Eat: Chunk             |       |     4 |     2 ||     6
       Ration            |       |       |     1 ||     1
Armor: Scale mail        |    79 |    78 |       ||   157
       Leather armour    |       |    21 |    39 ||    60
Dodge: Dodged            |    54 |    55 |    67 ||   176
Block: Shield            |    90 |    96 |    86 ||   272
